 Dungeon Crawl Stone Soup version 0.22-a0-322-g60b3cfd (webtiles) character file.

106 galech the Ruffian (level 4, -1/45 HPs)
             Began as a Troll Monk on Apr 4, 2018.
             Slain by Crazy Yiuf
             ... wielding a +4 quarterstaff of chaos
              (3 damage)
             ... on level 2 of the Dungeon.
             The game lasted 00:02:09 (1172 turns).

galech the Ruffian (Troll Monk)                     Turns: 1172, Time: 00:02:10

Health: -1/45      AC:  5    Str: 20    XL:     4   Next: 55%
Magic:  3/3        EV: 10    Int:  6    God:
Gold:   128        SH:  0    Dex: 12    Spells: 3/3 levels left

rFire    . . .     SeeInvis .     - Unarmed
rCold    . . .     Gourm    +   (no shield)
rNeg     . . .     Faith    .   a - +0 robe
rPois    .         Spirit   .   (helmet restricted)
rElec    .         Reflect  .   (no cloak)
rCorr    .         Harm     .   (gloves unavailable)
MR       .....                  (boots unavailable)
Stlth    +.........             (no amulet)
HPRegen  0.55/turn              (no ring)
MPRegen  0.08/turn              (no ring)

@: very slightly contaminated, drained, invisible
A: large, unfitting armour, claws 3, fast metabolism 3, gourmand, regeneration
1, shaggy fur 1, tough skin 2
a: no special abilities


You were on level 2 of the Dungeon.
You were completely stuffed.

You visited 1 branch of the dungeon, and saw 2 of its levels.

You collected 128 gold pieces.

Inventory:

Armour
 a - a +0 robe (worn)
Scrolls
 d - 2 scrolls of teleportation {unknown}
 e - 3 scrolls of identify {unknown}
 g - a scroll of remove curse {unknown}
Potions
 c - a potion of brilliance {unknown}
 h - a potion of curing {unknown}
 i - a potion of cancellation {unknown}
Comestibles
 b - 6 rations
 f - 12 chunks of flesh


   Skills:
 + Level 3.0(2.1) Fighting
 + Level 3.0(2.1) Dodging
 - Level 1.0(0.2) Stealth
 * Level 4.3(3.4) Unarmed Combat


You had 3 spell levels left.
You didn't know any spells.

Dungeon Overview and Level Annotations

Branches:
Dungeon (2/15)

Altars:

Annotations:
D:2 Crazy Yiuf


Innate Abilities, Weirdness & Mutations

You are too large for most types of armour.
You have claws for hands.
Your metabolism is lightning-fast.
You like to eat raw meat.
Your natural rate of healing is unusually fast.
You are covered in fur. (AC +1)
You have very tough skin. (AC +2)


Message History

* * * LOW HITPOINT WARNING * * *
You feel drained.
* * * LOW HITPOINT WARNING * * *
You can move again.
You catch the helpless Crazy Yiuf completely off-guard!
You scratch Crazy Yiuf.
Crazy Yiuf is severely wounded.
You scratch Crazy Yiuf but do no damage.
Crazy Yiuf is severely wounded.
Crazy Yiuf hits you with a quarterstaff of chaos.
* * * LOW HITPOINT WARNING * * *
Some of the chunks of flesh in your inventory have rotted away.
Unknown command.
You scratch Crazy Yiuf but do no damage.
Crazy Yiuf is severely wounded.
Crazy Yiuf closely misses you.
You closely miss Crazy Yiuf.
Crazy Yiuf is severely wounded.
Crazy Yiuf hits you with a quarterstaff of chaos.
You die...

#.###.## ..#
##.####### ###
#.#....... ###.##....
#(##.##.
♣♣♣♣♣##....##. ####
♣♣♣.♣.P.#.#####.
#...#♣..♣.P....#####.
#..g@.♣♣♣♣.P.........
#)..#♣♣ ♣♣P.#.#####.
#### ♣♣#### #. ## # #
### #.. #.#


You could see Crazy Yiuf.

Vanquished Creatures
  Robin (D:2)
  3 adders (D:2)
  A dart slug (D:2)
  A giant cockroach (D:2)
  16 goblins
  12 hobgoblins
  5 jackals (D:2)
  2 ball pythons (D:2)
  4 bats (D:1)
  5 frilled lizards
  7 kobolds
  4 rats
61 creatures vanquished.

Notes
Turn   | Place    | Note
-------+----------+-------------------------------------------
     0 | D:1      | galech the Troll Monk began the quest for the Orb.
     0 | D:1      | Reached XP level 1. HP: 22/22 MP: 0/0
   136 | D:1      | Reached XP level 2. HP: 25/29 MP: 1/1
   540 | D:2      | Reached XP level 3. HP: 35/36 MP: 2/2
   708 | D:2      | Noticed Robin
   717 | D:2      | Reached skill level 4 in Unarmed Combat
   722 | D:2      | Killed Robin
   722 | D:2      | Reached XP level 4. HP: 43/44 MP: 3/3
  1155 | D:2      | Found a runed door.
  1159 | D:2      | Noticed Crazy Yiuf
  1165 | D:2      | Paralysed by Crazy Yiuf for 4 turns
  1170 | D:2      | HP: 1/45 [Crazy Yiuf/quarterstaff of chaos (4)]
  1172 | D:2      | Slain by Crazy Yiuf

Vault maps used:
D:1:      dpeg_arrival_rhombi, lemuel_another_geyser
D:2:      cheibrodos_greedy_goblins, uniq_crazy_yiuf_cottage, uniq_robin

Skill      XL: |  1  2  3  4 |
---------------+-------------+-----
Unarmed Combat | 4 |  4.3
Dodging        | 3 |  3.0
Fighting       | 3 |  3.0
Stealth        | |  1.0

Action                   |  1- 3 |  4- 6 || total
-------------------------+-------+-------++-------
Melee: Unarmed           |    93 |    66 ||   159
       Punch             |     3 |       ||     3
 Stab: Sleeping          |     1 |     1 ||     2
       Invisible         |       |     1 ||     1
  Eat: Chunk             |    12 |     4 ||    16
Armor: Robe              |    51 |    13 ||    64
Dodge: Dodged            |    55 |    43 ||    98

Table legend:
 A = Spawn XP
 B = Non-spawn XP
 C = Spawn XP percentage of total XP
 D = Spawn monster count
 E = Non-spawn monster count
 F = Spawn count percentage of total count
 G = Total turns spent on level
                    A         B        C        D         E        F      G
               +---------+---------+-------+---------+---------+-------+---------
         Total |       0 |     152 |   0.0 |       0 |      61 |   0.0 |  1172
               +---------+---------+-------+---------+---------+-------+---------
           D:1 |       0 |      21 |   0.0 |       0 |      16 |   0.0 |   524
           D:2 |       0 |     131 |   0.0 |       0 |      45 |   0.0 |   648
               +---------+---------+-------+---------+---------+-------+---------
